 Dungeon Crawl Stone Soup version 0.18.1-50-g88ac8fd (webtiles) character file.

3635 magog001 the Slinger (level 9, -11/78 HPs)
             Began as a Minotaur Hunter on May 12, 2017.
             Killed from afar by Erica (16 damage)
             ... with a bolt of poison
             ... on level 8 of the Dungeon on May 14, 2017.
             The game lasted 00:51:25 (8507 turns).

magog001 the Slinger (Minotaur Hunter)              Turns: 8507, Time: 00:51:25

Health: -11/78     AC: 10    Str: 18    XL:     9   Next: 87%
Magic:  8/8        EV: 14    Int:  8    God:
Gold:   459        SH: 15    Dex: 13    Spells: 0 memorised, 8 levels left

rFire  . . .     SeeInvis .     x - +0 dagger (holy)
rCold  . . .     Gourm    .     c - +0 leather armour
rNeg   . . .     Faith    .     D - +0 large shield
rPois  .         Spirit   .     (helmet restricted)
rElec  .         Dismiss  .     s - +0 cloak
rCorr  +         Reflect  .     t - +1 pair of gloves
SustAt .         Harm     .     A - +2 pair of boots
MR     .....                    (no amulet)
Stlth  +.........               C - ring of resist corrosion
                                g - +2 ring of evasion

@: lethally poisoned (-11 -> -19), not resistant to hostile enchantments, very
unstealthy
A: retaliatory headbutt, horns 2
a: no special abilities


You were on level 8 of the Dungeon.
You were not hungry.

You visited 1 branch of the dungeon, and saw 8 of its levels.

You collected 459 gold pieces.

Inventory:

Hand Weapons
 a - a +2 hunting sling
 x - a +0 dagger of holy wrath (weapon)
Missiles
 d - 45 sling bullets
 n - 157 stones
 r - 13 javelins (quivered)
 G - 5 tomahawks
 J - 10 poisoned needles
Armour
 c - a +0 leather armour (worn)
 s - a +0 cloak (worn)
 t - a +1 pair of gloves (worn)
 A - a +2 pair of boots (worn)
 D - a +0 large shield (worn)
Jewellery
 g - a +2 ring of evasion (left hand)
 z - an uncursed ring of ice
 C - a ring of resist corrosion (right hand)
Wands
 b - a wand of flame (45/48)
 i - a wand of random effects (32/48)
 y - a wand of flame (22/48)
 F - a wand of confusion (24/48)
Scrolls
 e - 6 scrolls of teleportation
 h - a scroll of remove curse
 j - a scroll of recharging
 l - 3 scrolls of identify
 o - a scroll of magic mapping
 u - a scroll of amnesia
 w - 2 scrolls of fog
 H - a scroll of blinking
 L - a scroll of fear
Potions
 k - a potion of mutation {unknown}
 p - a potion of might {unknown}
 q - a potion of cancellation
 v - a potion of flight
 I - a potion of ambrosia {unknown}
 M - a potion of brilliance {unknown}
Comestibles
 f - 4 bread rations
 m - 6 meat rations
 B - 5 fruits
 E - a beef jerky
 K - 11 chunks of flesh


   Skills:
 * Level 6.6 Fighting
 + Level 1.8 Short Blades
 + Level 9.4 Slings
 * Level 6.0 Armour
 * Level 7.7 Dodging
 - Level 0.7 Stealth
 * Level 7.4 Shields


You had 8 spell levels left.
You didn't know any spells.

Dungeon Overview and Level Annotations

Branches:
Dungeon (8/15)             Temple (0/1) D:5
   Lair: D:8-11

Altars:
Cheibriados
Dithmenos
Kikubaaqudgha
Makhleb
Okawaru
Qazlal
Sif Muna
Trog
Vehumet

Annotations:
D:8 Erica


Innate Abilities, Weirdness & Mutations

You reflexively headbutt those who attack you in melee.
You have a pair of horns on your head.


Message History

Press: ? - help, Shift-Dir - straight line, f/p - black bear
Aim: a black bear (moderately wounded) Evoking this partially-identified wand wasted a few charges.
Something hits you!
* * * LOW HITPOINT WARNING * * *
Something burns you.
* * * LOW HITPOINT WARNING * * *
Drink which item? (? for menu, Esc to quit)
Your magical effects are unravelling.
You feel magically purged.
You feel yourself speed up.
You feel less confused. Something hits you!
* * * LOW HITPOINT WARNING * * *
Something burns you.
* * * LOW HITPOINT WARNING * * *
You hear some strange, mumbled words.
A bolt of poison appears from out of thin air!
The bolt of poison hits you!
You are lethally poisoned!
You die...

#.......##.##...#
#.......##.##...#
#...............#
#.......#..######
#........<##
#........##
#........#
#........#
###@....###
######...#...#
#(((.h.###.#.#
#....#######..#.#
#..... #..##.##
......... ...#
#..##
#...##.#.#..##
##..# ...##
#.#.##. ..
##.######## ..#
#.#.#
#..##...##...##


You could see a black bear.

Vanquished Creatures
  Joseph (D:8)
  A wyvern (D:7)
  A hippogriff (D:8)
  An ice beast (D:5)
  A water moccasin (D:7)
  An orc warrior (D:6)
  2 sky beasts
  3 phantoms
  7 ogres
  3 eyes of draining (D:6)
  2 centaurs
  A big kobold (D:7)
  A gnoll sergeant (D:7)
  2 crimson imps
  A jelly (D:6)
  7 hounds
  3 orc priests
  3 iguanas
  Natasha (thrice) (D:4)
  4 orc wizards
  5 worker ants
  A killer bee zombie (D:3)
  Robin (D:2)
  A worker ant zombie (D:8)
  9 adders
  9 gnolls
  A howler monkey skeleton (D:6)
  2 shadow imps
  2 oozes
  2 worms
  A dart slug (D:2)
  5 giant geckos
  15 orcs
  2 bats
  4 bat zombies (D:3)
  6 giant cockroaches
  15 goblins
  6 hobgoblins
  11 jackals
  5 quokkas
  3 giant newts
  A jackal skeleton (D:8)
  15 kobolds
  4 rats
174 creatures vanquished.

Notes
Turn   | Place    | Note
--------------------------------------------------------------
     0 | D:1      | magog001 the Minotaur Hunter began the quest for the Orb.
     0 | D:1      | Reached XP level 1. HP: 18/18 MP: 0/0
   208 | D:1      | Reached XP level 2. HP: 25/25 MP: 1/1
   247 | D:1      | Reached skill level 5 in Slings
   632 | D:1      | Reached XP level 3. HP: 30/30 MP: 2/2
   821 | D:2      | Reached skill level 1 in Armour
  1036 | D:2      | Noticed Robin
  1060 | D:2      | Reached XP level 4. HP: 11/38 MP: 3/3
  1069 | D:2      | Killed Robin
  1897 | D:3      | Found an iron altar of Okawaru.
  1928 | D:3      | Reached skill level 1 in Shields
  1984 | D:3      | Noticed an ogre
  1992 | D:3      | Killed an ogre
  1992 | D:3      | Reached XP level 5. HP: 32/45 MP: 4/4
  2285 | D:3      | Found a shadowy altar of Dithmenos.
  2447 | D:3      | Found an ancient bone altar of Kikubaaqudgha.
  2762 | D:4      | Noticed Natasha
  2776 | D:4      | Killed Natasha
  2776 | D:4      | Reached XP level 6. HP: 43/52 MP: 5/5
  2847 | D:4      | Found a radiant altar of Vehumet.
  2906 | D:4      | Reached skill level 6 in Slings
  3143 | D:4      | Noticed Natasha
  3172 | D:4      | Killed Natasha
  3181 | D:4      | Reached XP level 7. HP: 30/59 MP: 6/6
  3350 | D:4      | Noticed Natasha
  3371 | D:4      | Killed Natasha
  3371 | D:4      | Reached skill level 1 in Short Blades
  4226 | D:5      | Entered Level 5 of the Dungeon
  4254 | D:5      | Reached skill level 5 in Dodging
  4739 | D:5      | Reached XP level 8. HP: 20/67 MP: 7/7
  5391 | D:5      | Found a staircase to the Ecumenical Temple.
  5477 | D:6      | Reached skill level 5 in Shields
  5785 | D:6      | Reached skill level 5 in Fighting
  5787 | D:6      | Reached skill level 7 in Slings
  5835 | D:6      | Found a burning altar of Makhleb.
  5924 | D:6      | Found a bloodstained altar of Trog.
  6024 | D:6      | Reached skill level 5 in Armour
  6115 | D:6      | Reached skill level 8 in Slings
  6115 | D:6      | Reached XP level 9. HP: 74/74 MP: 8/8
  6402 | D:7      | Found a deep blue altar of Sif Muna.
  7153 | D:7      | Found a snail-covered altar of Cheibriados.
  7950 | D:8      | Noticed Joseph
  7984 | D:8      | Killed Joseph
  7984 | D:8      | Reached skill level 9 in Slings
  8214 | D:8      | Found a stormy altar of Qazlal.
  8485 | D:8      | Noticed Erica
  8507 | D:8      | Killed from afar by Erica

Skill      XL: |  1  2  3  4  5  6  7  8  9 |
---------------+----------------------------+-----
Slings         | 5 6 8 9 |  9.4
Armour         | 1 2 3 4 5 6 |  6.0
Fighting       | 3 4 5 6 |  6.6
Shields        | 1 2 4 5 7 |  7.4
Dodging        | 3 4 5 6 7 |  7.7
Short Blades   | 1 |  1.8
Stealth        | |  0.7

Action                   |  1- 3 |  4- 6 |  7- 9 || total
-------------------------+-------+-------+-------++-------
Melee: Dagger            |    17 |    64 |   204 ||   285
       Short sword       |     6 |       |       ||     6
       Headbutt          |     5 |    24 |    52 ||    81
       Rapier            |       |    34 |   106 ||   140
 Fire: Hunting sling     |    96 |    71 |   308 ||   475
Throw: Stone             |     6 |       |       ||     6
       Javelin           |       |     5 |     9 ||    14
Evoke: Wand              |       |       |     6 ||     6
  Use: Scroll            |     2 |     6 |     9 ||    17
       Potion            |       |       |     7 ||     7
 Stab: Sleeping          |       |       |     2 ||     2
  Eat: Chunk             |       |     2 |    15 ||    17
       Pizza             |       |     2 |       ||     2
       Beef jerky        |       |     1 |     1 ||     2
       Fruit             |       |       |     1 ||     1
Armor: Leather armour    |    28 |    47 |    89 ||   164
Dodge: Dodged            |    35 |    59 |   122 ||   216
Block: Buckler           |     6 |    11 |       ||    17
       Large shield      |       |    39 |   294 ||   333
